 Dungeon Crawl Stone Soup version 0.30-a0-946-gec5dcfc036 (webtiles) character file.

Game seed: 8512009515629285274

469 Armakuni the Ruffian (level 6, -1/56 HPs)
             Began as a Draconian Monk on Mar 26, 2023.
             Was a Believer of Elyvilon.
             Slain by a black bear (7 damage)
             ... on level 4 of the Dungeon.
             The game lasted 00:09:40 (3747 turns).

Armakuni the Ruffian (Draconian Monk)               Turns: 3747, Time: 00:09:41

Health: -1/56      AC:  6    Str: 14    XL:     6   Next: 82%
Magic:  6/6        EV: 12    Int: 12    God:    Elyvilon [**....]
Gold:   184        SH:  0    Dex: 13    Spells: 5/5 levels left

rFire   . . .      SeeInvis .      - Unarmed
rCold   . . .      Faith    .    (no shield)
rNeg    . . .      Spirit   .    (body armour unavailable)
rPois   .          Reflect  .    (helmet restricted)
rElec   .          Rampage  .    (no cloak)
rCorr   .                        (no gloves)
Will    .....                    (no boots)
Stlth   +                        (no amulet)
HPRegen 0.29/turn                (no ring)
MPRegen 0.10/turn                (no ring)

@: confused, ambrosia-drunk, flying
A: AC +6, unfitting armour, cold-blooded
a: Renounce Religion, Purification, Heal Other


You were on level 4 of the Dungeon.
You worshipped Elyvilon.
Elyvilon was pleased with you.
You visited 2 branches of the dungeon, and saw 5 of its levels.

You collected 184 gold pieces.

Inventory:

Missiles
 b - 11 poisoned darts (quivered)
Jewellery
 F - a ring of fire
Scrolls
 c - a scroll of teleportation
 d - a scroll of immolation
 e - a scroll of enchant weapon
 g - a scroll of noise
 i - 2 scrolls of magic mapping
Potions
 f - a potion of flight
 h - a potion of mutation {unknown}
 m - a potion of haste {unknown}


   Skills:
 - Level 5.0 Fighting
 - Level 2.6 Dodging
 - Level 1.7 Stealth
 + Level 7.0 Unarmed Combat


You had 5 spell levels left.
You didn't know any spells.
Your spell library contained the following spells:

 Spells                   Type           Power      Damage    Failure   Level
 Freeze                   Ice            0%         1d3       32%         1
 Magic Dart               Conj           0%         1d3       32%         1
 Searing Ray              Conj           0%         2d4       45%         2
 Frozen Ramparts          Ice            0%         1d1       69%         3
 Hailstorm                Conj/Ice       0%         3d3       69%         3
 Ozocubu's Armour         Ice            0%         N/A       69%         3
 Fulminant Prism          Conj/Hex       0%         3d5       97%         4
 Metabolic Englaciation   Hex/Ice        0%         N/A       100%        5
 Simulacrum               Ice/Necr       0%         N/A       100%        6


Dungeon Overview and Level Annotations

Branches:
Dungeon (4/15)             Temple (1/1) D:4

Altars:
Dithmenos
Elyvilon
Hepliaklqana
Makhleb
Nemelex Xobeh
Ru
Xom
Yredelemnul
Zin
The Shining One


Innate Abilities, Weirdness & Mutations

Your plain brown scales are hard. (AC +6)
You cannot fit into any form of body armour.
You are cold-blooded and may be slowed by cold attacks.


Message History

The black bear bites you!
* * * LOW HITPOINT WARNING * * *
The black bear barely misses you. The black bear claws you.
* * * LOW HITPOINT WARNING * * *
Okay, then.
You are confused.
You feel invigorated. The jelly hits you but does no damage.
The black bear closely misses you. The black bear claws you.
* * * LOW HITPOINT WARNING * * *
The black bear claws you.
* * * LOW HITPOINT WARNING * * *
Okay, then.
The black bear attacks as you move away!
The black bear barely misses you. x2; The black bear claws you.
* * * LOW HITPOINT WARNING * * *
The black bear rages.
The black bear closely misses you.
The black bear claws you but does no damage. x2
You hear an angry hiss.
The black bear attacks as you move away!
The black bear bites you.
* * * LOW HITPOINT WARNING * * *
The black bear claws you but does no damage.
The black bear claws you.
* * * LOW HITPOINT WARNING * * *
You bump into the rock wall.
The black bear bites you.
* * * LOW HITPOINT WARNING * * *
The black bear claws you.
* * * LOW HITPOINT WARNING * * *
The black bear claws you.
* * * LOW HITPOINT WARNING * * *
The jelly completely misses you. The black bear misses you.
The black bear closely misses you. The black bear claws you.
Elyvilon protects you from harm!
You are too confused!
It was a potion of flight.
You feel very buoyant.
You fly up into the air.
The jelly hits you but does no damage. The black bear bites you!
You die...

.. #................# #........
...#....>...........# #........
...#................# #........
..#########'####....# #........
..#............#'########........
..#..............................
..#h.............................
.SJ............J.................
..#....#####.##h@........###+##..
..#....# #.. #####......#.......
..#....# #. #.....)#.......
..#....# ## #......#'#####.
..#....# #............#. ..#....#
#######........ ###....#
#.....'......#. #....#
#.....#......+. #.....#........


You could see a black bear (berserk) and a jelly.

Vanquished Creatures
  2 howler monkeys (D:4)
  A vampire bat (D:3)
  An orc priest (D:4)
  A sleepcap (D:4)
  An iguana (D:4)
  An orc wizard (D:4)
  8 adders
  6 worms
  3 dart slugs
  3 fire bats (D:3)
  5 orcs
  2 spectral bats (D:3)
  7 ball pythons
  13 bats
  3 bat skeletons (D:3)
  A bat zombie (D:3)
  9 endoplasms
  2 giant cockroaches (D:2)
  8 hobgoblins
  7 kobolds
  4 quokkas
  A bat simulacrum (D:3)
  4 frilled lizards
  6 goblins
  4 rats
103 creatures vanquished.

Notes
Turn   | Place    | Note
-------+----------+-------------------------------------------
     0 | D:1      | Armakuni the Draconian Monk began the quest for the Orb.
     0 | D:1      | Reached XP level 1. HP: 19/19 MP: 1/1
   153 | D:1      | Reached XP level 2. HP: 21/27 MP: 2/2
   780 | D:2      | Reached XP level 3. HP: 32/33 MP: 3/3
   893 | D:2      | Found a faded altar of an unknown god.
  1489 | D:3      | Reached skill level 4 in Unarmed Combat
  1656 | D:2      | Reached XP level 4. HP: 41/41 MP: 4/4
  1874 | D:3      | Reached skill level 5 in Fighting
  1874 | D:3      | Reached XP level 5. HP: 48/48 MP: 5/5
  1915 | D:3      | Reached skill level 5 in Unarmed Combat
  2664 | D:4      | Reached XP level 6. HP: 21/56 MP: 6/6
  2886 | D:4      | Reached skill level 6 in Unarmed Combat
  2994 | D:4      | Found a staircase to the Ecumenical Temple.
  3003 | Temple   | Entered the Ecumenical Temple
  3076 | Temple   | Became a worshipper of Elyvilon the Healer
  3076 | Temple   | Reached * piety under Elyvilon
  3076 | Temple   | Reached ** piety under Elyvilon
  3646 | D:4      | Reached skill level 7 in Unarmed Combat
  3746 | D:4      | HP: 2/56 [black bear (5)]
  3746 | D:4      | Elyvilon protects you from harm!
  3747 | D:4      | Slain by a black bear

Illustrated notes

Levels and vault maps discovered:
D:1:      scummos_arrival_simple_fountains, layout_loops_cross,
          kennysheep_crisscross, chequers_serial_rivers_micro_b
D:2:      layout_loops_ring, ebering_ecumenical_altar_petrified,
          minmay_misc_feat_five
D:3:      layout_loops_cross, minivault_4, goddamned_bats
D:4:      layout_gridville, minmay_temple_entry_junction_2
Temple:   eino_temple_lava

Skill      XL: |  1  2  3  4  5  6 |
---------------+-------------------+-----
Fighting       | 4 5 |  5.0
Unarmed Combat | 4 5 7 |  7.0
Dodging        | |  2.6
Stealth        | |  1.7

Action                     |  1- 3 |  4- 6 || total
---------------------------+-------+-------++-------
  Melee: Unarmed           |   173 |   229 ||   402
         Tailslap          |    24 |    24 ||    48
         Punch             |     4 |     8 ||    12
  Throw: Dart              |     1 |     3 ||     4
    Use: Scroll            |     7 |     2 ||     9
         Potion            |     2 |     4 ||     6
   Stab: Sleeping          |     5 |     7 ||    12
         Invisible         |       |     3 ||     3
 Armour: Skin              |    51 |   109 ||   160
  Dodge: Dodged            |    98 |   204 ||   302

Table legend: (Time is in decaauts)
 A = Elapsed time spent in this place.
 B = Non-inter-level travel time spent in this place.
 C = Inter-level travel time spent in this place.
 D = Time resting spent in this place.
 E = Time spent auto-exploring this place.
 F = Levels seen in this place.
 G = Mean time per level.
                   A        B        C        D        E       F      G
               +--------+--------+--------+--------+--------+-----+--------+
         Total |   3718 |   3679 |     39 |    565 |   2055 |   5 |  743.6 |
       Dungeon |   3637 |   3604 |     33 |    565 |   2000 |   4 |  909.2 |
        Temple |     80 |     74 |      6 |      0 |     55 |   1 |   80.0 |
               +--------+--------+--------+--------+--------+-----+--------+

Top non-repeatable levels by time:
     D:3: 1252 daAuts
     D:2: 953 daAuts
     D:4: 802 daAuts
     D:1: 629 daAuts
  Temple: 80 daAuts
